AoeStats
← escamillaf

Black Forest

504789120Analyzed
2v2 RM · 26d ago on Sep 6, 2026· 22m 20s· 4 players
Game mode
Random Map
Map size
Medium (4 player)
Population
200
Speed
Normal
Resources
Standard
Victory
Conquest
Starting age
Dark Age
Ending age
Imperial Age
RankedLock teamsTeams togetherTeam positionsShared explorationLock speedFull tech treeHidden civsTurbo modeCheats
Victory
Defeat
🇦🇷 Lithuanians · Argentina
515
+15
🇦🇷 Mongols · Argentina
498
+15
🇪🇸 Tatars · Spain
508
-16
🇦🇷 Franks · Argentina
465
-14
LARRALDE ARGENTINA
escamillaf
10:18 Feudal Age
8:55 Loom
11:14 Double-Bit Axe
12:51 Stone Mining
14:34 Horse Collar
18:13 Wheelbarrow
18:08 Man-at-Arms
20:22 Forging
21:06 Scale Mail Armor
21:08 Padded Archer Armor
Tsunami
11:01 Feudal Age
14:45 Bloodlines
15:47 Forging
15:55 Double-Bit Axe
17:25 Scale Barding Armor
18:22 Fletching
Narubl
0:31 Loom
12:36 Feudal Age
13:04 Double-Bit Axe
13:02 Horse Collar
13:28 Man-at-Arms
15:50 Arson
19:23 Gold Mining
19:28 Stone Mining
Connection lost

Rejoining the realm…

Still unreachable

The connection could not be restored.

Session expired

The server has moved on; the page needs a fresh start.